AoeStats
← The_Idiot

MegaRandom

504120381Analyzed
2v2 RM · 29d ago on Sep 4, 2026· 52m 28s· 4 players
Game mode
Random Map
Map size
Medium (4 player)
Population
200
Speed
Normal
Resources
Standard
Victory
Conquest
Starting age
Dark Age
Ending age
Imperial Age
RankedLock teamsTeams togetherTeam positionsShared explorationLock speedFull tech treeHidden civsTurbo modeCheats
Victory
Defeat
🇩🇪 Spanish · Germany
1257
+15
🇩🇪 Persians · Germany
1150
+19
🇺🇸 Mongols · United States
1234
-17
🇺🇸 Goths · United States
1232
-17
lagro
9:00 Loom
11:36 Feudal Age
11:59 Loom
13:24 Gold Mining
17:02 Horse Collar
17:08 Double-Bit Axe
17:09 Town Watch
19:31 Castle Age
17:34 Stone Mining
19:06 Wheelbarrow
18:16 Town Watch
21:18 Husbandry
21:54 Padded Archer Armor
26:12 Bloodlines
27:41 Leather Archer Armor
28:30 Scale Barding Armor
29:09 Forging
29:59 Chain Barding Armor
31:20 Iron Casting
32:21 Bow Saw
33:33 Stone Shaft Mining
39:16 Imperial Age
40:20 Conscription
40:32 Ring Archer Armor
41:19 Plate Barding Armor
41:28 Hand Cart
43:45 Blast Furnace
43:43 Elite Conquistador
46:22 Murder Holes
46:37 Masonry
48:56 Chemistry
48:54 Architecture
47:46 Cavalier
50:39 Paladin
52:12 Herbal Medicine
xmon
8:20 Loom
11:10 Feudal Age
13:50 Town Watch
14:43 Forging
15:26 Horse Collar
17:02 Double-Bit Axe
23:08 Castle Age
22:45 Bloodlines
22:45 Scale Barding Armor
22:51 Gold Mining
25:47 Chain Barding Armor
27:23 Husbandry
28:37 Iron Casting
28:09 Heavy Plow
30:39 Gold Shaft Mining
32:04 Wheelbarrow
39:00 Imperial Age
37:48 Bow Saw
38:41 Capped Ram
38:48 Cavalier
40:29 Plate Barding Armor
40:42 Hand Cart
43:12 Siege Ram
44:38 Fletching
45:25 Savar
48:13 Blast Furnace
The_Idiot
8:05 Loom
10:14 Feudal Age
10:46 Double-Bit Axe
14:28 Gold Mining
21:22 Castle Age
21:46 Forging
21:40 Fletching
22:08 Bloodlines
25:07 Husbandry
25:06 Bodkin Arrow
25:12 Padded Archer Armor
27:28 Pikeman
35:40 Wheelbarrow
37:45 Scale Mail Armor
39:10 Ballistics
39:49 Thumb Ring
40:34 Leather Archer Armor
42:10 Chain Mail Armor
50:25 Imperial Age
48:55 Bow Saw
51:56 Conscription
THETRUEIDIOT
0:49 Loom
10:35 Feudal Age
10:38 Man-at-Arms
11:16 Double-Bit Axe
12:04 Forging
13:28 Horse Collar
16:40 Fletching
18:07 Wheelbarrow
21:37 Castle Age
19:46 Padded Archer Armor
21:44 Crossbowman
22:29 Bodkin Arrow
22:50 Gold Mining
23:16 Bow Saw
24:04 Ballistics
24:24 Heavy Plow
28:48 Town Watch
29:34 Squires
34:04 Imperial Age
32:22 Heavy Plow
34:47 Bracer
35:57 Chemistry
34:23 Pikeman
39:55 Leather Archer Armor
41:19 Ring Archer Armor
41:18 Conscription
42:42 Long Swordsman
44:51 Two-Man Saw
43:17 Two-Handed Swordsman
43:21 Halberdier
44:06 Anarchy
44:09 Perfusion
44:49 Iron Casting
44:42 Two-Handed Swordsman
46:31 Blast Furnace
45:34 Champion
47:55 Scale Mail Armor
48:00 Halberdier
51:31 Crop Rotation
51:37 Anarchy
51:56 Chain Mail Armor
Connection lost

Rejoining the realm…

Still unreachable

The connection could not be restored.

Session expired

The server has moved on; the page needs a fresh start.